 Dungeon Sprint DCSS version 0.27.1-4-g1640c2035a (webtiles) character file.

Game seed: 380630346157729619

221 boopmooplesden the Protected (level 8, -1/79 HPs)
             Began as a Minotaur Fighter on Nov 16, 2021.
             Was a Priest of Okawaru.
             Killed from afar by a naga warlord (2 damage)
             ... with a splash of poison
             ... in the Dungeon (Sprint VI: "Thunderdome").
             The game lasted 00:04:33 (716 turns).

boopmooplesden the Protected (Minotaur Fighter)      Turns: 716, Time: 00:04:34

Health: -1/79      AC: 14    Str: 24    XL:     8   Next: 22%
Magic:  15/16      EV: 10    Int: 13    God:    Okawaru [***...]
Gold:   257        SH: 14    Dex: 10    Spells: 7/7 levels left

rFire    + . .     SeeInvis +   a - +0 long sword
rCold    . . .     Faith    .   c - +0 kite shield
rNeg     . . .     Spirit   .   b - +0 scale mail
rPois    +         Reflect  .   (helmet restricted)
rElec    .         Harm     .   r - +0 cloak
rCorr    .         Rampage  .   d - +0 pair of gloves
Will     +....     NoTele   +   (no boots)
Stlth    +.........             p - amulet of Ussism {rF+ Regen+ MP+9 Dex+3}
HPRegen  1.23/turn              o - ring "Qeihela" {rPois Will+ Int+4 SInv}
MPRegen  0.15/turn              q - ring of Modesty {Fly rPois Int+4}

@: lethally poisoned (-1 -> -2), heroic, on berserk cooldown, flying, slowed,
constricted, very slow
A: horns 2, retaliatory headbutt, clumsy 1, screaming 1
a: Renounce Religion, Heroism


You were in the Dungeon.
You worshipped Okawaru.
Okawaru was most pleased with you.
You visited 1 branch You collected 500 gold pieces.
You spent 243 gold pieces at shops.

Inventory:

Hand Weapons
 a - a +0 long sword (weapon)
Armour
 b - a +0 scale mail (worn)
 c - a +0 kite shield (worn)
 d - a +0 pair of gloves (worn)
 r - a +0 cloak (worn)
Jewellery
 o - the ring "Qeihela" (left hand) {rPois Will+ Int+4 SInv}
   (You bought it in a shop in the Dungeon)

   [ring of see invisible]

   Int:       It affects your intelligence (+4).
   rPois:     It protects you from poison.
   SInv:      It lets you see invisible.
   Will:      It increases your willpower.
 p - the amulet of Ussism (around neck) {rF+ Regen+ MP+9 Dex+3}
   (You bought it in a shop in the Dungeon)

   [amulet of regeneration]

   Dex:       It affects your dexterity (+3).
   rF:        It protects you from fire.
   MP:        It affects your magic capacity (+9).
   Regen:     It increases your rate of health regeneration.
 q - the ring of Modesty (right hand) {Fly rPois Int+4}
   (You bought it in a shop in the Dungeon)

   [ring of poison resistance]

   Int:       It affects your intelligence (+4).
   rPois:     It protects you from poison.
   Fly:       It grants you flight.
Wands
 l - a wand of acid (5)
 m - a wand of iceblast (5)
Scrolls
 j - 4 scrolls of blinking
 n - 3 scrolls of fog
Potions
 e - a potion of curing
 f - a potion of heal wounds
 g - 4 potions of haste
 h - 2 potions of magic
 k - a potion of resistance


   Skills:
 + Level 10.1(15.1) Fighting
 + Level 10.3(15.3) Long Blades
 + Level 11.9(16.9) Armour
 + Level 4.4(9.4) Dodging
 + Level 11.5(16.5) Shields


You had 7 spell levels left.
You didn't know any spells.
Your spell library was empty.

Dungeon Overview and Level Annotations

Branches:
Dungeon (1/1)

Altars:
Cheibriados
Dithmenos
Fedhas
Gozag
Kikubaaqudgha
Makhleb
Okawaru
Qazlal
Ru
Sif Muna
Trog
Uskayaw
Vehumet
Wu Jian
Xom
Yredelemnul
Zin
The Shining One
Beogh
Jiyva
Lugonu

Shops:
D *[??*?*:[((!!!!


Innate Abilities, Weirdness & Mutations

You have a pair of horns on your head.
You reflexively headbutt those who attack you in melee.
You are clumsy. (Dex -2)
You occasionally shout uncontrollably at your foes.


Message History

The naga warlord blocks your attack.
You headbutt the naga warlord.
The naga warlord is severely wounded.
The naga warlord hits you with a +0 mace!!
* * * LOW HITPOINT WARNING * * *
The naga warlord constricts you.
* * * LOW HITPOINT WARNING * * *
The naga warlord blocks your attack.
The naga warlord is severely wounded.
You block the naga warlord's attack. The naga warlord constricts you.
* * * LOW HITPOINT WARNING * * *
You hit the naga warlord but do no damage.
The naga warlord is severely wounded.
The naga warlord spits poison at you.
The splash of poison hits you but does no damage.
You are poisoned.
You resist. The naga warlord constricts you.
* * * LOW HITPOINT WARNING * * *
You slash the naga warlord!
The naga warlord is severely wounded.
You feel sick. You block the naga warlord's attack.
The naga warlord constricts you.
* * * LOW HITPOINT WARNING * * *
You hit the naga warlord but do no damage.
The naga warlord is severely wounded.
You feel sick. You block the naga warlord's attack.
The naga warlord constricts you.
You feel much better.
You feel sick. The naga warlord completely misses you.
The naga warlord constricts you.
The naga warlord hits you with a +0 mace!!
* * * LOW HITPOINT WARNING * * *
The naga warlord constricts you.
* * * LOW HITPOINT WARNING * * *
You barely miss the naga warlord.
The naga warlord is severely wounded.
You feel sick. The naga warlord spits poison at you.
The splash of poison hits you.
You are lethally poisoned!
You resist.
You die...

#_......._# #_......._#
###.........### #⌠...........⌠#
######.8.........8.######
##.___......###......_._∩##
###∩........8.# #.8........∩###
#......÷......###N............##
⌠...†...†..###..@###..........⌠#
⌠..........# #.<.# #..........⌠#
⌠..........###...###..........⌠#
#.......†.....###.............##
###∩...†.†..8.# #.8........∩###
##∩._.).....###......___∩##
######.8.........8.######
#⌠...........⌠# ###.[.......###


You could see a naga warlord (catching breath).

Vanquished Creatures
  A shining eye (D)
  2 floating eyes (D)
  3 water moccasins (D)
  4 scorpions (D)
  2 jellies (D)
  Jessica (D)
  An adder (D)
  An orc (D)
  A bat (D)
  An endoplasm (D)
  A giant cockroach (D)
  A hobgoblin (D)
  4 ball pythons (D)
23 creatures vanquished.

Notes
Turn   | Place    | Note
-------+----------+-------------------------------------------
     0 | D        | boopmooplesden the Minotaur Fighter began the quest for the
                  | Orb.
     0 | D        | Reached XP level 1. HP: 19/19 MP: 0/0
     3 | D        | Found a sacrificial altar of Ru.
     3 | D        | Found a shimmering altar of Xom.
     4 | D        | Found a stormy altar of Qazlal.
     4 | D        | Found a shadowy altar of Dithmenos.
     5 | D        | Found a corrupted altar of Lugonu.
     5 | D        | Round 1.
     6 | D        | Found a snail-covered altar of Cheibriados.
     6 | D        | Found Ito Keot's Identification Station.
     7 | D        | Found Haac's Jewellery.
     7 | D        | Found Jayg's Advanced Armour.
    11 | D        | Found a burning altar of Makhleb.
    12 | D        | Found a radiant altar of Vehumet.
    13 | D        | Noticed Jessica
    14 | D        | Found an opulent altar of Gozag.
    15 | D        | Found a blossoming altar of Fedhas.
    15 | D        | Found an ancient bone altar of Kikubaaqudgha.
    15 | D        | Found a basalt altar of Yredelemnul.
    15 | D        | Found Qeiti's Premium Goods.
    15 | D        | Found Padoriso's Weapon Rack.
    16 | D        | Found Mili's Miscellaneous Merchandise.
    16 | D        | Found Toushr Ipha's Basic Armour.
    22 | D        | Killed Jessica
    23 | D        | Reached skill level 5 in Fighting
    23 | D        | Reached skill level 5 in Armour
    23 | D        | Reached skill level 5 in Shields
    23 | D        | Reached XP level 2. HP: 14/29 MP: 1/1
    25 | D        | Found a bloodstained altar of Trog.
    27 | D        | Found an iron altar of Okawaru.
    28 | D        | Found Fanuont's Do-It-Yourself Clinic.
    29 | D        | Found Muirghi's Bottled Wisdom.
    29 | D        | Found Zauxu's Distillery.
    29 | D        | Found a viscous altar of Jiyva.
    29 | D        | Found a shimmering blue altar of Sif Muna.
    29 | D        | Found Dover's Distillery.
    35 | D        | Became a worshipper of Warmaster Okawaru
    61 | D        | Bought a steaming ivory ring for 45 gold pieces
    61 | D        | Identified the ring "Qeihela" {rPois Will+ Int+4 SInv} (You
                  | bought it in a shop in the Dungeon)
    61 | D        | Bought a bound brass amulet for 45 gold pieces
    61 | D        | Identified the amulet of Ussism {rF+ Regen+ MP+9 Dex+3}
                  | (You bought it in a shop in the Dungeon)
    61 | D        | Bought a transparent amber ring for 45 gold pieces
    61 | D        | Identified the ring of Modesty {Fly rPois Int+4} (You
                  | bought it in a shop in the Dungeon)
    74 | D        | Reached XP level 3. HP: 24/36 MP: 1/2
   105 | D        | Found an ornate altar of the Wu Jian Council.
   106 | D        | Found a glowing golden altar of the Shining One.
   106 | D        | Found a hide-covered altar of Uskayaw.
   106 | D        | Found a glowing silver altar of Zin.
   106 | D        | Found Calias's Magic Scroll Shop.
   106 | D        | Found Bafaozir's Staff Store.
   107 | D        | Found Zaifim's Magic Scroll Shop.
   107 | D        | Found Roqig's Must-Have Magic.
   129 | D        | Bought a +0 cloak for 54 gold pieces
   189 | D        | Arena points: 6 (+6) [x1]
   204 | D        | Round 2.
   231 | D        | Noticed a scorpion
   235 | D        | Noticed a scorpion
   248 | D        | Killed a scorpion
   249 | D        | Reached skill level 1 in Dodging
   249 | D        | Reached XP level 4. HP: 19/44 MP: 3/3
   249 | D        | Killed a scorpion
   249 | D        | Reached * piety under Okawaru
   250 | D        | Reached XP level 5. HP: 21/51 MP: 4/4
   258 | D        | Reached skill level 5 in Long Blades
   258 | D        | Noticed a water moccasin
   264 | D        | Killed a water moccasin
   265 | D        | Reached XP level 6. HP: 34/61 MP: 5/5
   280 | D        | Arena points: 30 (+24) [x2]
   350 | D        | Round 3.
   352 | D        | Noticed a shining eye
   368 | D        | Gained mutation: You occasionally shout uncontrollably at
                  | your foes. [a shining eye]
   369 | D        | Gained mutation: You are clumsy. (Dex -2) [a shining eye]
   373 | D        | Killed a shining eye
   373 | D        | Reached ** piety under Okawaru
   374 | D        | Reached skill level 10 in Shields
   374 | D        | Reached XP level 7. HP: 70/70 MP: 6/6
   382 | D        | Paralysed by a floating eye for 2 turns
   385 | D        | Paralysed by a floating eye for 2 turns
   387 | D        | Reached *** piety under Okawaru
   407 | D        | Arena points: 93 (+63) [x3]
   408 | D        | Reached XP level 8. HP: 79/79 MP: 7/7
   429 | D        | Bought a +0 pair of gloves for 54 gold pieces
   464 | D        | Round 4.
   496 | D        | Reached skill level 10 in Fighting
   496 | D        | Reached skill level 10 in Long Blades
   592 | D        | Arena points: 221 (+128) [x4]
   658 | D        | Round 5.
   675 | D        | Noticed a naga warlord
   715 | D        | HP: 2/79 [naga warlord (19)]
   716 | D        | Killed from afar by a naga warlord

Illustrated notes

Levels and vault maps discovered:
D:        arena_sprint

Skill      XL: |  1  2  3  4  5  6  7  8 |
---------------+-------------------------+-----
Fighting       | 5 6 8 9 10 | 10.1
Long Blades    | 3 4 6 8 9 10 | 10.3
Armour         | 5 6 7 9 11 | 11.9
Shields        | 5 6 7 9 10 11 | 11.5
Dodging        | 1 2 3 4 |  4.4

Action                   |  1- 3 |  4- 6 |  7- 9 || total
-------------------------+-------+-------+-------++-------
Melee: Long sword        |    21 |    15 |    51 ||    87
       Headbutt          |     3 |     5 |    10 ||    18
Invok: Heroism           |       |       |     1 ||     1
  Use: Potion            |     2 |       |     3 ||     5
Armor: Scale mail        |     8 |       |     5 ||    13
Dodge: Dodged            |     7 |     2 |    22 ||    31
Block: Kite shield       |    20 |     1 |    17 ||    38
       Rpst.: Long sword |     1 |       |     5 ||     6
